Map: Kairos Junction LE

Players

Nerchio

  • Race: Zerg Zerg
  • Spawn Location: 11:00

Clem - Winner!

  • Race: Terran Terran
  • Spawn Location: 5:00

Event: 2019 WCS Spring

VOD

Have the link to the VOD?

Description

Time

  • Played on: May 17, 2019, 2:07 p.m.
  • Length: 13:58

All games in this series

Show
View Real Time Build Order
Export as new Build Order

Nerchio Zerg 

Build Orders: Pool First 

Get SALT Encoding   

  12  0:00  Drone  
  13  0:12  Overlord  
  13  0:16  Drone  
  14  0:30  Drone x2  
  14  0:34  Drone  
  17  0:44  Spawning Pool  
  17  0:48  Drone  
  17  1:08  Hatchery  
  16  1:11  Drone  
  16  1:13  Extractor  
  16  1:17  Drone  
  17  1:30  Zergling x2  
  17  1:31  Zergling x2  
  19  1:33  Queen  
  21  1:41  Overlord  
  21  1:50  Drone  
  22  2:00  Drone  
  23  2:09  Queen  
  23  2:11  Drone  
  26  2:16  Metabolic Boost  
  26  2:20  Drone  
  26  2:21  Drone  
  28  2:31  Drone  
  28  2:32  Drone  
  30  2:41  Drone x3  
  30  2:42  Drone  
  34  2:53  Hatchery  
  34  2:57  Overlord  
  33  3:04  Drone x2  
  35  3:14  Drone  
  35  3:15  Queen  
  35  3:17  Drone x3  
  41  3:24  Roach Warren  
  41  3:27  Drone  
  41  3:28  Drone  
  41  3:32  Overlord  
  42  3:38  Drone x2  
  42  3:40  Extractor  
  43  3:43  Overlord  
  43  3:46  Overlord  
  43  3:53  Lair  
  43  3:55  Drone  
  43  3:56  Drone x2  
  45  4:03  Roach  
  45  4:04  Roach x2  
  45  4:07  Roach  
  53  4:13  Roach  
  55  4:17  Roach  
  55  4:19  Overlord  
  55  4:20  Drone  
  58  4:25  Drone x3  
  58  4:27  Evolution Chamber  
  60  4:33  Overlord  
  60  4:34  Drone x3  
  60  4:35  Drone  
  63  4:38  Spore Crawler  
  63  4:43  Drone  
  63  4:44  Drone x2  
  65  4:48  Overlord  
  65  4:54  Drone  
  66  5:00  Drone  
  66  5:01  Drone x6  
  66  5:03  Overseer  
  71  5:07  Drone  
  71  5:10  Glial Reconstitution  
  71  5:12  Drone x2  
  73  5:14  Drone  
  73  5:19  Queen  
  75  5:22  Drone  
  75  5:23  Drone x2  
  75  5:26  Spore Crawler  
  75  5:27  Spore Crawler  
  75  5:31  Drone  
  75  5:32  Zerg Ground Armor Level 1  
  75  5:34  Overlord  
  76  5:37  Drone  
  76  5:38  Drone x2  
  76  5:39  Drone  
  76  5:40  Drone  
  76  5:41  Drone  
  82  5:45  Extractor  
  81  5:50  Extractor  
  81  5:56  Evolution Chamber  
  79  5:57  Ravager x2  
  79  5:58  Ravager, Roach  
  79  6:00  Zergling x2  
  79  6:01  Hatchery, Zergling x8  
  88  6:07  Overlord x2  
  88  6:11  Overseer  
  88  6:18  Zergling x2  
  88  6:19  Zergling x2  
  90  6:27  Zergling x16  
  88  6:35  Roach  
  88  6:36  Roach x3  
  88  6:38  Roach x3  
  93  6:40  Queen  
  93  6:41  Queen  
  93  6:44  Roach x2  
  94  6:48  Roach  
  94  6:50  Queen  
  93  6:54  Drone x2  
  93  6:57  Infestation Pit, Zerg Missile Weapons Level 1  
  93  6:59  Drone x3  
  93  7:00  Drone  
  93  7:01  Extractor x2  
  96  7:02  Drone  
  96  7:03  Drone  
  97  7:13  Drone  
  97  7:14  Drone x3  
  97  7:15  Ravager, Baneling Nest  
  101  7:19  Queen  
  103  7:26  Zergling x8  
  107  7:32  Overlord  
  107  7:35  Overlord x2  
  107  7:36  Hive  
  107  7:37  Pneumatized Carapace  
  107  7:43  Roach  
  107  7:44  Roach  
  110  7:53  Drone x7  
  110  7:56  Extractor  
  110  7:58  Spire  
  115  8:00  Roach x6  
  115  8:03  Centrifical Hooks  
  127  8:09  Zerg Ground Armor Level 2  
  127  8:14  Zergling x10  
  127  8:16  Zergling x2  
  127  8:17  Overlord  
  133  8:21  Overlord x2  
  133  8:25  Zergling x2  
  134  8:29  Zergling x2  
  134  8:31  Overlord x3  
  135  8:38  Overlord  
  135  8:46  Zergling x8  
  137  8:49  Zergling x2  
  137  8:50  Zergling x14  
  137  8:51  Adrenal Glands  
  137  8:55  Viper  
  148  9:04  Zerg Missile Weapons Level 2  
  148  9:08  Roach x4  
  148  9:09  Zergling x16  
  164  9:12  Greater Spire  
  163  9:27  Corruptor x5  
  171  9:38  Corruptor  
  171  9:39  Corruptor  
  171  9:45  Extractor, Drone x3  
  177  9:49  Overlord  
  173  10:11  Corruptor x2  
  173  10:13  Corruptor  
  179  10:18  Baneling x21  
  179  10:20  Zergling x2  
  179  10:21  Zergling x38  
  184  10:49  Brood Lord x2  
  159  11:01  Zergling x30  
  167  11:05  Baneling  
  167  11:06  Baneling x19  
  167  11:07  Queen  
  155  11:33  Corruptor x3  
  158  11:40  Zergling x34  
  162  11:53  Zergling x6  
  162  11:54  Baneling  
  162  11:55  Baneling x28  
  151  12:03  Brood Lord  
  147  12:09  Ravager  
  147  12:10  Ravager  
  133  12:18  Brood Lord  
  133  12:19  Zergling x2  
  133  12:20  Zergling x8  
  122  12:34  Corruptor  
  108  12:59  Hatchery  
  107  13:06  Drone  
  107  13:07  Drone x7  
  114  13:18  Corruptor  
  114  13:19  Corruptor  
  118  13:20  Hatchery  
  113  13:35  Roach x2  
Show
View Real Time Build Order
Export as new Build Order

Clem Terran - Winner!

Build Orders: Gas First Reaper Expand, Banshee Rush 

Get SALT Encoding   

  12  0:00  SCV  
  13  0:12  SCV  
  14  0:17  Supply Depot  
  14  0:25  SCV  
  15  0:29  Refinery  
  15  0:38  SCV  
  16  0:44  Barracks  
  16  0:50  SCV  
  17  1:02  SCV  
  18  1:14  SCV  
  19  1:31  Reaper, Orbital Command  
  20  1:43  Command Center  
  20  1:53  Factory  
  20  1:58  SCV  
  21  2:07  Barracks Reactor  
  21  2:10  SCV  
  21  2:13  Supply Depot  
  22  2:20  Refinery  
  22  2:22  SCV  
  23  2:35  SCV  
  24  2:45  Starport  
  24  2:48  SCV, Hellion x2  
  24  2:49  Barracks Tech Lab  
  29  2:56  Orbital Command  
  29  3:01  SCV  
  30  3:10  Hellion x2  
  34  3:13  SCV  
  35  3:23  SCV  
  36  3:28  Supply Depot  
  36  3:29  Viking  
  36  3:31  Cloaking Field  
  38  3:35  SCV  
  38  3:39  SCV  
  38  3:40  Factory Tech Lab  
  40  3:44  Marine x2  
  40  3:48  SCV  
  43  3:51  SCV, Supply Depot  
  44  3:59  Siege Tank  
  44  4:00  SCV  
  44  4:02  Marine x2  
  50  4:03  SCV  
  50  4:07  Banshee  
  54  4:14  Supply Depot  
  54  4:18  SCV x2  
  54  4:20  Supply Depot  
  56  4:24  Marine x2  
  58  4:31  SCV, Siege Tank  
  58  4:36  SCV  
  63  4:42  Supply Depot, Marine x2  
  65  4:47  SCV  
  65  4:48  SCV  
  65  4:50  Banshee  
  68  4:59  SCV, Command Center  
  67  5:05  Marine  
  66  5:08  SCV  
  66  5:11  Siege Tank  
  67  5:16  Barracks  
  67  5:17  Supply Depot  
  67  5:19  Barracks  
  67  5:22  Marine  
  67  5:27  Engineering Bay  
  68  5:29  Engineering Bay  
  68  5:33  Engineering Bay  
  68  5:34  SCV x2  
  71  5:40  Refinery  
  71  5:41  Refinery  
  70  5:45  Starport Reactor  
  70  5:48  SCV x2  
  75  5:50  Marine  
  75  5:51  Stimpack  
  75  5:56  Bunker  
  73  6:00  SCV  
  73  6:03  Siege Tank  
  77  6:06  SCV  
  78  6:12  Supply Depot  
  78  6:13  Marine  
  79  6:18  Orbital Command  
  79  6:20  Terran Infantry Weapons Level 1  
  79  6:21  Marine x2  
  79  6:23  Barracks Reactor  
  80  6:28  Terran Infantry Armor Level 1  
  80  6:30  SCV  
  80  6:31  Marine  
  80  6:32  SCV  
  68  6:42  Siege Tank  
  68  6:43  Marine, Barracks  
  68  6:44  Barracks  
  68  6:45  SCV  
  68  6:46  SCV  
  68  6:49  Marine  
  65  6:56  Marine  
  65  6:59  Orbital Command  
  65  7:00  SCV x2  
  63  7:01  Marine x3  
  63  7:02  Medivac x2  
  63  7:07  Marine  
  71  7:15  SCV x2, Supply Depot  
  72  7:17  Factory  
  72  7:19  Siege Tank  
  76  7:25  SCV  
  76  7:28  Supply Depot x2  
  76  7:29  Marine x3  
  80  7:30  Marine  
  82  7:37  Barracks Reactor x2  
  82  7:42  Marine  
  82  7:45  SCV x3  
  82  7:47  Marine x2  
  82  7:48  Armory  
  87  7:51  Combat Shield  
  87  7:55  Marine x2  
  91  7:58  Siege Tank  
  91  7:59  SCV, Marine  
  91  8:01  SCV  
  91  8:02  SCV  
  95  8:06  Factory Tech Lab  
  95  8:07  Marine  
  95  8:11  SCV  
  97  8:16  SCV, Marine  
  97  8:17  Marine  
  97  8:18  Marine x6  
  107  8:20  SCV, Refinery  
  107  8:21  Refinery  
  107  8:23  SCV  
  108  8:27  Siege Tank  
  108  8:28  SCV  
  108  8:32  SCV, Marine  
  108  8:33  Siege Tank, Marine  
  118  8:35  SCV, Marine x2  
  118  8:40  SCV  
  118  8:41  Command Center  
  122  8:45  Marine x4  
  122  8:46  Marine  
  122  8:49  Marine  
  122  8:51  Medivac x2  
  122  8:55  SCV x2  
  129  8:57  Supply Depot  
  129  8:58  Terran Infantry Weapons Level 2  
  129  9:03  Marine x2  
  129  9:04  Terran Infantry Armor Level 2  
  131  9:12  Supply Depot  
  131  9:13  Marine, Supply Depot  
  131  9:14  Supply Depot  
  131  9:15  Siege Tank  
  135  9:19  Siege Tank  
  135  9:22  Marine x4  
  142  9:29  SCV, Marine x3  
  142  9:30  Marine  
  146  9:31  Marine  
  146  9:37  Medivac  
  146  9:38  Medivac  
  150  9:40  Marine x3  
  150  9:41  Marine  
  154  9:46  Supply Depot  
  154  9:47  Marine x2  
  154  9:48  Marine x2  
  158  9:57  Marine  
  158  9:58  Siege Tank x2, Marine  
  166  10:07  SCV x3  
  166  10:09  Marine  
  166  10:11  Marine  
  161  10:14  Medivac x2  
  161  10:16  Marine x4, Terran Vehicle Weapons Level 1  
  161  10:17  Marine x3  
  161  10:19  SCV  
  171  10:32  Siege Tank  
  171  10:33  Starport x2  
  174  10:41  SCV x3  
  175  10:44  Viking x2  
  175  10:47  Siege Tank  
  171  10:55  Marine  
  171  10:56  Marine  
  169  10:59  SCV  
  169  11:00  SCV x2  
  169  11:03  Planetary Fortress  
  171  11:05  Marine x2  
  173  11:11  SCV  
  173  11:12  Command Center  
  173  11:17  Siege Tank  
  173  11:18  Refinery x2  
  177  11:19  Sensor Tower  
  177  11:22  Viking  
  179  11:28  Viking  
  179  11:32  Marine x2  
  171  11:33  Marine x7  
  171  11:38  Viking  
  169  11:50  Marine  
  169  11:51  Marine x2  
  169  11:52  Marine  
  154  12:01  Command Center  
  150  12:03  SCV x2  
  151  12:11  Viking x2  
  151  12:12  Viking  
  156  12:19  Viking  
  132  12:32  Siege Tank, Marine x2  
  128  12:41  Viking  
  128  12:42  Viking  
  132  12:45  Viking  
  132  12:48  SCV  
  135  12:56  Siege Tank, Marine  
  134  13:04  SCV, Siege Tank  
  136  13:16  Marine x3  
  136  13:19  Marine  
  138  13:20  Marine  
  138  13:21  Marine  
  146  13:33  Marine x5  
  154  13:42  Supply Depot  
Tags
 
Add a new tag
Caveats
  • Supply blocks, unpowered buildings, or Contaminate may cause inaccurate times.
  • Supply counts are checked every 10 seconds.